 Dungeon Crawl Stone Soup version 0.23.2-40-g277498a001 (webtiles) character file.

Game seed: 14079983986547207985

163 Martska the Ducker (level 5, -8/31 (38) HPs)
             Began as a Merfolk Ice Elementalist on Sept 30, 2019.
             Mangled by a black bear (9 damage)
             ... created by the rage of Trog
             ... on level 3 of the Dungeon.
             The game lasted 00:16:30 (4642 turns).

Martska the Ducker (Merfolk Ice Elementalist)       Turns: 4642, Time: 00:16:30

HP:   -8/31 (38)    AC:  9    Str:  8    XL:     5   Next: 44%
MP:   0/8           EV: 14    Int: 15    God:
Gold: 112           SH:  0    Dex: 15    Spells: 3/9 levels left

rFire    . . .     SeeInvis .   p - +0 spear
rCold    . . .     Gourm    .   (no shield)
rNeg     . . .     Faith    .   d - +0 leather armour
rPois    .         Spirit   +   (no helmet)
rElec    .         Reflect  .   b - scarf {Spirit}
rCorr    .         Harm     .   j - +0 pair of gloves
MR       +....                  (no boots)
Stlth    ++........             (no amulet)
HPRegen  0.10/turn              f - ring of protection from magic
MPRegen  0.11/turn              (no ring)

@: icy armour
A: change form in water, swift swim, stealthy swim
a: no special abilities


You were on level 3 of the Dungeon.
You were not hungry.

You visited 1 branch of the dungeon, and saw 3 of its levels.

You collected 112 gold pieces.

Inventory:

Hand Weapons
 e - a +0 whip
 l - a +0 falchion
 p - a +0 spear (weapon)
 r - a +0 spear
Armour
 a - a +0 robe
 b - a scarf of spirit shield (worn)
 d - a +0 leather armour (worn)
 j - a +0 pair of gloves (worn)
Jewellery
 f - a ring of protection from magic (left hand)
 o - an uncursed amulet of inaccuracy
Scrolls
 g - 2 scrolls of identify
 m - a scroll of teleportation {unknown}
 n - 2 scrolls of immolation {unknown}
Potions
 h - a potion of flight {unknown}
 i - a potion of magic {unknown}
 k - a potion of haste {unknown}
 q - a potion of lignification {unknown}
Comestibles
 c - a ration


   Skills:
 * Level 2.2 Fighting
 * Level 1.3 Polearms
 * Level 4.4 Dodging
 + Level 3.0 Stealth
 - Level 2.5 Spellcasting
 - Level 0.7 Conjurations
 - Level 4.1 Ice Magic


You had 3 spell levels left.
You knew the following spells:

 Your Spells              Type           Power        Failure   Level  Hunger
a - Freeze                Ice            ##..         5%          1    #......
b - Throw Frost           Conj/Ice       #.....       17%         2    ###....
c - Ozocubu's Armour      Chrm/Ice       #.......     36%         3    ###....

Your spell library contained the following spells:

 Spells                   Type           Power        Failure   Level  Hunger
 Throw Icicle             Conj/Ice       #.......     75%         4    #####..
 Summon Ice Beast         Ice/Summ       #.......     78%         4    #####..


Dungeon Overview and Level Annotations

Branches:
Dungeon (3/15)

Altars:
Trog

Annotations:
D:2 Sigmund


Message History

Trog sends monsters to punish you. 3 polar bears and 3 black bears come into view.
You hit the polar bear but do no damage.
Casting: Freeze (safe; 5% risk of failure)
Confirm with . or Enter, or press ? or * to list all spells.
A film of ice covers your body! The black bear barely misses you.
The black bear closely misses you. The black bear claws you.
The polar bear bites you but does no damage.
The polar bear claws you. The polar bear misses you. The polar bear bites you!
The polar bear claws you but does no damage.
The polar bear completely misses you.
You hit the polar bear but do no damage.
The black bear closely misses you. The black bear barely misses you.
The black bear closely misses you. The polar bear bites you.
The polar bear claws you but does no damage.
The polar bear barely misses you. The polar bear bites you!!
* * * LOW HITPOINT WARNING * * *
The polar bear barely misses you. The polar bear misses you.
The black bear bites you!
You die...

#....#......##### #
#.#.....#.......#
#.#...#.#.....###.#
#............## #.
####.##.####.# #.
#.##.# #.# ###.##h#
#.# #†..##h# #.#
#.####@## ... #.#


#hhh# #.# #.#h# #.###.#.## #.##..#÷.# #.##.###÷## ### ###..#.#..### ...
##...##.##...#### .## ...###...###...$#### You could see 3 polar bears and 3
black bears.

Vanquished Creatures
  Jessica (D:2)
  Terence (D:2)
  5 adders
  An ooze (D:1)
  An adder skeleton (D:3)
  A dart slug (D:2)
  2 leopard geckos
  3 orcs (D:3)
  2 giant cockroaches (D:2)
  9 goblins
  6 hobgoblins
  A quokka (D:3)
  8 bats
  2 frilled lizards
  5 kobolds
  10 rats
58 creatures vanquished.

Notes
Turn   | Place    | Note
-------+----------+-------------------------------------------
     0 | D:1      | Martska the Merfolk Ice Elementalist began the quest for
                  | the Orb.
     0 | D:1      | Reached XP level 1. HP: 13/13 MP: 3/3
   702 | D:1      | Reached XP level 2. HP: 19/19 MP: 3/5
  1446 | D:2      | Noticed Terence
  1701 | D:2      | Reached XP level 3. HP: 25/25 MP: 6/6
  1782 | D:2      | Reached skill level 1 in Fighting
  2450 | D:2      | Noticed Jessica
  2457 | D:2      | Killed Jessica
  2457 | D:2      | Reached XP level 4. HP: 31/32 MP: 2/7
  2464 | D:2      | Learned a level 2 spell: Throw Frost
  2468 | D:2      | Learned a level 3 spell: Ozocubu's Armour
  2769 | D:2      | Killed Terence
  3034 | D:2      | Reached XP level 5. HP: 38/38 MP: 6/8
  3066 | D:2      | Found a faded altar of an unknown god.
  3074 | D:2      | Became a worshipper of Trog the Wrathful
  3074 | D:2      | Reached * piety under Trog
  3075 | D:2      | Fell from the grace of Trog
  3082 | D:2      | Noticed Sigmund
  4300 | D:3      | Paralysed by Trog for 3 turns
  4332 | D:3      | Reached skill level 1 in Polearms
  4566 | D:3      | Noticed an eye of draining
  4640 | D:3      | Noticed a black bear
  4640 | D:3      | Noticed a polar bear
  4640 | D:3      | Noticed a black bear
  4640 | D:3      | Noticed a polar bear
  4640 | D:3      | Noticed a black bear
  4640 | D:3      | Noticed a polar bear
  4642 | D:3      | HP: 1/31 [polar bear[the rage of Trog] (15)]
  4642 | D:3      | Mangled by a black bear

Skill      XL: |  1  2  3  4  5 |
---------------+----------------+-----
Dodging        | 3 4 |  4.4
Fighting       | 1 2 |  2.2
Ice Magic      | 4 |  4.1
Stealth        | 3 |  3.0
Polearms       | 1 |  1.3
Spellcasting   | |  2.5
Conjurations   | |  0.7

Action                   |  1- 3 |  4- 6 || total
-------------------------+-------+-------++-------
Melee: Whip              |    83 |    42 ||   125
       Spear             |       |    87 ||    87
 Cast: Freeze            |    18 |    27 ||    45
       Throw Frost       |       |     2 ||     2
       Ozocubu's Armour  |       |     1 ||     1
Invok: Renounce Religion |       |     1 ||     1
  Use: Scroll            |     2 |       ||     2
 Stab: Sleeping          |     4 |     2 ||     6
  Eat: Chunk             |     4 |       ||     4
       Ration            |     1 |     2 ||     3
Armor: Leather armour    |    38 |    41 ||    79
       Robe              |     1 |       ||     1
Dodge: Dodged            |    92 |   122 ||   214
